 Dungeon Crawl Stone Soup version 0.25-a0-577-ga4619f409e (webtiles) character file.

Game seed: 2634985708943073610, levelgen mode: deterministic

4746 Kohma the Magician (level 10, -4/79 HPs)
             Began as a Gnoll Warper on Mar 2, 2020.
             Was a High Priest of Cheibriados.
             Killed from afar by an electric eel (6 damage)
             ... with a bolt of electricity
             ... on level 9 of the Dungeon.
             The game lasted 00:26:46 (10635 turns).

Kohma the Magician (Gnoll Warper)                  Turns: 10635, Time: 00:26:46

Health: -4/79      AC:  6    Str: 25    XL:     10   Next: 46%
Magic:  20/20      EV: 26    Int: 29    God:    Cheibriados [*****.]
Gold:   481        SH:  7    Dex: 26    Spells: 16/23 levels left

rFire    . . .     SeeInvis .   a - +2 dagger (elec)
rCold    . . .     Gourm    .   U - +0 buckler
rNeg     . . .     Faith    .   g - +0 leather armour
rPois    .         Spirit   .   (no helmet)
rElec    .         Reflect  .   s - +0 cloak
rCorr    .         Harm     .   k - +0 pair of gloves
MR       .....                  (no boots)
Stlth    +++.......             (no amulet)
HPRegen  0.23/turn              t - +4 ring of evasion
MPRegen  0.17/turn              v - +3 ring of evasion

@: very slow
A: distributed training, fangs 1, strong nose
a: Bend Time, Temporal Distortion, Slouch, Step From Time, Renounce Religion


You were on level 9 of the Dungeon.
You worshipped Cheibriados.
Cheibriados was extremely pleased with you.
You were not hungry.

You visited 2 branches of the dungeon, and saw 10 of its levels.

You collected 481 gold pieces.

Inventory:

Hand Weapons
 a - a +2 dagger of electrocution (weapon)
 b - a +0 hand crossbow
 r - a +2 falchion of freezing
 y - a +5 spear of freezing
 J - a +2 short sword of venom
Missiles
 e - a boomerang of dispersal
 i - 7 boomerangs (quivered)
 j - 122 stones
 u - 89 sling bullets
 B - a poisoned dart
 M - a throwing net
 O - 37 arrows
Armour
 g - a +0 leather armour (worn)
 k - a +0 pair of gloves (worn)
 s - a +0 cloak (worn)
 G - a +0 tower shield
 U - a +0 buckler (worn)
Magical Staves
 N - a cursed staff of summoning
Jewellery
 p - an uncursed ring of positive energy
 t - a +4 ring of evasion (left hand)
 v - a +3 ring of evasion (right hand)
 H - an uncursed ring of stealth
 K - an uncursed ring of magical power
 L - an uncursed ring of ice
Wands
 q - a wand of clouds (5)
 Q - a wand of polymorph (6)
Scrolls
 c - 5 scrolls of remove curse
 d - 2 scrolls of blinking
 h - 3 scrolls of amnesia
 l - 2 scrolls of magic mapping
 o - a scroll of enchant weapon {unknown}
 D - 2 scrolls of fear
Potions
 n - 3 potions of stabbing
 w - 4 potions of curing
 x - 3 potions of invisibility
 z - 4 potions of haste
 A - 3 potions of flight
 C - a potion of resistance
 E - 5 potions of heal wounds
 F - 8 potions of might
 I - a potion of brilliance
 T - a potion of lignification
 V - a potion of mutation {unknown}
Comestibles
 f - 10 rations


   Skills:
 + Level 7.0 Fighting
 + Level 5.2 Short Blades
 + Level 7.0 Long Blades
 + Level 5.2 Axes
 + Level 5.2 Maces & Flails
 + Level 5.2 Polearms
 + Level 5.2 Staves
 + Level 5.2 Slings
 + Level 5.2 Bows
 + Level 5.2 Crossbows
 + Level 5.9 Throwing
 + Level 5.9 Armour
 + Level 7.0 Dodging
 + Level 5.2 Stealth
 + Level 5.2 Shields
 + Level 5.2 Unarmed Combat
 + Level 7.3 Spellcasting
 + Level 4.3 Conjurations
 + Level 4.3 Hexes
 + Level 4.3 Charms
 + Level 4.3 Summonings
 + Level 4.3 Necromancy
 + Level 7.0 Translocations
 + Level 4.3 Transmutations
 + Level 4.3 Fire Magic
 + Level 4.3 Ice Magic
 + Level 4.3 Air Magic
 + Level 4.3 Earth Magic
 + Level 4.3 Poison Magic
 + Level 5.7 Invocations
 + Level 5.2 Evocations


You had 16 spell levels left.
You knew the following spells:

 Your Spells              Type           Power        Failure   Level  Hunger
a - Blink                 Tloc           N/A          1%          2    None
b - Shroud of Golubria    Chrm/Tloc      #####.       1%          2    None
c - Confusing Touch       Hex            #####...     2%          3    None

Your spell library contained the following spells:

 Spells                   Type           Power        Failure   Level  Hunger
 Gell's Gravitas          Tloc           ######....   1%          3    None
 Lesser Beckoning         Tloc           ######....   1%          3    None
 Teleport Other           Tloc           ######..     1%          3    None
 Passage of Golubria      Tloc           N/A          3%          4    ##.....
 Petrify                  Tmut/Erth      #####...     10%         4    ##.....
 Metabolic Englaciation   Hex/Ice        #####.....   26%         5    ####...
 Yara's Violent Unravell  Hex/Tmut       #####.....   26%         5    ####...


Dungeon Overview and Level Annotations

Branches:
Dungeon (9/15)             Temple (1/1) D:5            Lair (0/6) D:9
    Orc: D:9-12

Altars:
Ashenzari
Cheibriados
Dithmenos
Elyvilon
Fedhas
Gozag
Hepliaklqana
Kikubaaqudgha
Makhleb
Nemelex Xobeh
Okawaru
Qazlal
Ru
Sif Muna
Trog
Uskayaw
Vehumet
Wu Jian
Xom
Yredelemnul
Zin
The Shining One

Shops:
D:4 *   D:7 (


Innate Abilities, Weirdness & Mutations

Your experience applies equally to all skills.
You have very sharp teeth.
Your uncanny sense of smell can sniff out nearby items.


Message History

The bolt of electricity hits you!
The electric eel shoots out a bolt of lightning at you!
The bolt of electricity misses you. x2
The electric eel shoots out a bolt of lightning at you!
The bolt of electricity hits you.
The electric eel shoots out a bolt of lightning at you!
The bolt of electricity misses you. The bolt of electricity hits you!
The electric eel shoots out a bolt of lightning at you!
The bolt of electricity hits you!
The electric eel shoots out a bolt of lightning at you!
The bolt of electricity hits you!
* * * LOW HITPOINT WARNING * * *
The electric eel shoots out a bolt of lightning at you!
The bolt of electricity misses you.
The electric eel shoots out a bolt of lightning at you!
The bolt of electricity hits you!
* * * LOW HITPOINT WARNING * * *
The electric eel shoots out a bolt of lightning at you!
The bolt of electricity hits you.
You die...

≈≈≈≈..≈....#...#
;≈≈≈≈≈≈.......)#
..≈≈≈≈.≈≈......#
.≈..≈≈≈.(..##..#
...≈≈≈.(;..###.#
.>..≈≈≈≈....##.#
...≈≈≈≈≈.(.....####
≈≈≈.≈≈≈;(.(.......####
≈≈≈≈≈≈≈≈≈.....@......##
≈≈≈≈≈≈≈≈..............##
≈≈≈≈≈≈.≈...............#
≈≈≈.≈...............##
≈≈................#
..>..............#
.........!......#
...............#
........<...#


You could see 2 electric eels.

Vanquished Creatures
  A troll (D:9)
  A hippogriff (D:7)
  3 orc warriors
  2 black bears (D:8)
  3 ice beasts
  2 sky beasts
  3 ogres
  3 centaurs
  4 wolves (D:9)
  A crocodile (D:5)
  A big kobold (D:7)
  5 bullfrogs
  A scorpion (D:6)
  6 killer bees
  8 wights (D:7)
  A howler monkey (D:7)
  2 electric eels (D:9)
  4 crimson imps
  A bullfrog zombie (D:5)
  A bullfrog skeleton (D:7)
  3 jellies
  5 hounds
  An orc priest (D:6)
  4 iguanas
  8 orc wizards
  9 worker ants
  4 gnolls (D:6)
  A howler monkey skeleton (D:5)
  16 adders
  A shadow imp (D:8)
  An ooze (D:5)
  2 adder skeletons
  An adder zombie (D:5)
  5 worms
  4 dart slugs
  5 leopard geckos
  37 orcs
  5 bats
  9 giant cockroaches
  5 goblins
  10 hobgoblins
  13 jackals
  4 quokkas
  2 ball pythons
  3 frilled lizards
  11 kobolds
  A quokka zombie (D:5)
  10 rats
  A bush (D:6)
234 creatures vanquished.

Notes
Turn   | Place    | Note
-------+----------+-------------------------------------------
     0 | D:1      | Kohma the Gnoll Warper began the quest for the Orb.
     0 | D:1      | Reached XP level 1. HP: 20/20 MP: 6/6
   366 | D:1      | Reached XP level 2. HP: 24/26 MP: 7/7
   379 | D:1      | Learned a level 2 spell: Blink
   851 | D:2      | Reached XP level 3. HP: 23/31 MP: 9/9
   933 | D:2      | Learned a level 2 spell: Shroud of Golubria
   978 | D:2      | Reached skill level 5 in Spellcasting
  1043 | D:2      | Reached skill level 1 in Invocations
  1381 | D:2      | Reached skill level 1 in Short Blades
  1381 | D:2      | Reached skill level 1 in Axes
  1381 | D:2      | Reached skill level 1 in Maces & Flails
  1381 | D:2      | Reached skill level 1 in Polearms
  1381 | D:2      | Reached skill level 1 in Staves
  1381 | D:2      | Reached skill level 1 in Slings
  1381 | D:2      | Reached skill level 1 in Bows
  1381 | D:2      | Reached skill level 1 in Crossbows
  1381 | D:2      | Reached skill level 1 in Stealth
  1381 | D:2      | Reached skill level 1 in Shields
  1381 | D:2      | Reached skill level 1 in Unarmed Combat
  1381 | D:2      | Reached skill level 1 in Evocations
  1381 | D:2      | Reached XP level 4. HP: 38/38 MP: 11/11
  1907 | D:2      | Reached skill level 1 in Conjurations
  1907 | D:2      | Reached skill level 1 in Hexes
  1907 | D:2      | Reached skill level 1 in Charms
  1907 | D:2      | Reached skill level 1 in Summonings
  1907 | D:2      | Reached skill level 1 in Necromancy
  1907 | D:2      | Reached skill level 1 in Transmutations
  1907 | D:2      | Reached skill level 1 in Fire Magic
  1907 | D:2      | Reached skill level 1 in Ice Magic
  1907 | D:2      | Reached skill level 1 in Air Magic
  1907 | D:2      | Reached skill level 1 in Earth Magic
  1907 | D:2      | Reached skill level 1 in Poison Magic
  2024 | D:3      | Reached XP level 5. HP: 32/43 MP: 12/12
  2902 | D:4      | Reached XP level 6. HP: 48/50 MP: 13/13
  2950 | D:4      | Learned a level 3 spell: Confusing Touch
  2959 | D:4      | Found Laon's General Store.
  3307 | D:4      | Reached skill level 5 in Fighting
  3307 | D:4      | Reached skill level 5 in Long Blades
  3307 | D:4      | Reached skill level 5 in Dodging
  3785 | D:5      | Entered Level 5 of the Dungeon
  3791 | D:5      | Reached XP level 7. HP: 56/56 MP: 15/15
  4030 | D:5      | Found a glowing golden altar of the Shining One.
  4854 | D:5      | Reached XP level 8. HP: 63/63 MP: 16/16
  4975 | D:5      | Found a staircase to the Ecumenical Temple.
  4981 | Temple   | Entered the Ecumenical Temple
  5169 | Temple   | Became a worshipper of Cheibriados the Contemplative
  5898 | D:6      | Found a shadowy altar of Dithmenos.
  6320 | D:6      | Reached * piety under Cheibriados
  6650 | D:6      | Reached XP level 9. HP: 69/69 MP: 16/18
  6949 | D:6      | Reached ** piety under Cheibriados
  7694 | D:7      | Reached skill level 5 in Throwing
  7694 | D:7      | Reached skill level 5 in Armour
  7744 | D:7      | Found Keil's Weapon Emporium.
  8143 | D:7      | Reached *** piety under Cheibriados
  8536 | D:8      | Reached skill level 5 in Invocations
  8686 | D:8      | Found a bloodstained altar of Trog.
  8796 | D:8      | Reached XP level 10. HP: 59/77 MP: 18/20
  8801 | D:8      | Found an ancient bone altar of Kikubaaqudgha.
  8887 | D:8      | Reached **** piety under Cheibriados
  9278 | D:8      | Found a white marble altar of Elyvilon.
  9406 | D:8      | Found an opulent altar of Gozag.
  9520 | D:9      | Reached skill level 5 in Short Blades
  9520 | D:9      | Reached skill level 5 in Axes
  9520 | D:9      | Reached skill level 5 in Maces & Flails
  9520 | D:9      | Reached skill level 5 in Polearms
  9520 | D:9      | Reached skill level 5 in Staves
  9520 | D:9      | Reached skill level 5 in Slings
  9520 | D:9      | Reached skill level 5 in Bows
  9520 | D:9      | Reached skill level 5 in Crossbows
  9520 | D:9      | Reached skill level 5 in Stealth
  9520 | D:9      | Reached skill level 5 in Shields
  9520 | D:9      | Reached skill level 5 in Unarmed Combat
  9520 | D:9      | Reached skill level 5 in Evocations
 10304 | D:9      | Found a staircase to the Lair.
 10527 | D:9      | Reached ***** piety under Cheibriados
 10635 | D:9      | HP: 2/79 [electric eel/bolt of electricity (14)]
 10635 | D:9      | Killed from afar by an electric eel

Levels and vault maps discovered:
D:1:      dpeg_arrival_lava_altar, layout_loops_ring, serial_forest,
          infiniplex_forest_straight_2, infiniplex_forest_clump_C,
          infiniplex_forest_lined_3, infiniplex_forest_lined_room_3
D:2:      layout_loops_ring, kennysheep_generic_room_6
D:3:      layout_basic, due_unseen_surprise
D:4:      layout_loops_corners, serial_shops, shop_fountains
D:5:      layout_loops_corners, lemuel_round_altar,
          minmay_temple_entry_enclosed_plants, first_ration,
          hangedman_decor_riveting
D:6:      layout_loops_corners, kennysheep_mini, kb_lookout_dungeons_type,
          grunt_ministairs_6
D:7:      layout_rooms, serial_shops, nicolae_shop_trees, enter_ossuary_1,
          kennysheep_small_circle
D:8:      layout_basic, trog_ov_bears_minmay, elyvilon_altar_1,
          lemuel_crystal_altar, nicolae_overflow_hidden_temple
D:9:      layout_layer_cave, erik_lair_island, the_bakery
Temple:   eino_temple_scatter_basement

Skill      XL: |  1  2  3  4  5  6  7  8  9 10 |
---------------+-------------------------------+-----
Spellcasting   | 5 6 7 |  7.3
Invocations    | 1 2 3 4 5 |  5.7
Short Blades   | 1 2 3 4 5 |  5.2
Axes           | 1 2 3 4 5 |  5.2
Maces & Flails | 1 2 3 4 5 |  5.2
Polearms       | 1 2 3 4 5 |  5.2
Staves         | 1 2 3 4 5 |  5.2
Slings         | 1 2 3 4 5 |  5.2
Bows           | 1 2 3 4 5 |  5.2
Crossbows      | 1 2 3 4 5 |  5.2
Stealth        | 1 2 3 4 5 |  5.2
Shields        | 1 2 3 4 5 |  5.2
Unarmed Combat | 1 2 3 4 5 |  5.2
Evocations     | 1 2 3 4 5 |  5.2
Conjurations   | 1 2 3 4 |  4.3
Hexes          | 1 2 3 4 |  4.3
Charms         | 1 2 3 4 |  4.3
Summonings     | 1 2 3 4 |  4.3
Necromancy     | 1 2 3 4 |  4.3
Transmutations | 1 2 3 4 |  4.3
Fire Magic     | 1 2 3 4 |  4.3
Ice Magic      | 1 2 3 4 |  4.3
Air Magic      | 1 2 3 4 |  4.3
Earth Magic    | 1 2 3 4 |  4.3
Poison Magic   | 1 2 3 4 |  4.3
Throwing       | 3 4 5 |  5.9
Armour         | 3 4 5 |  5.9
Fighting       | 5 6 7 |  7.0
Long Blades    | 5 6 7 |  7.0
Dodging        | 5 6 7 |  7.0
Translocations | 6 7 |  7.0

Action                   |  1- 3 |  4- 6 |  7- 9 | 10-12 || total
-------------------------+-------+-------+-------+-------++-------
Melee: Falchion          |    86 |       |       |       ||    86
       Bite              |     8 |     8 |    64 |    17 ||    97
       Dagger            |    21 |   179 |   474 |   113 ||   787
       Punch             |       |       |     8 |     1 ||     9
Throw: Stone             |     4 |       |       |       ||     4
       Dart              |       |     2 |    30 |    60 ||    92
       Boomerang         |       |     1 |       |    15 ||    16
       Javelin           |       |       |       |     3 ||     3
 Cast: Shroud of Golubri |     1 |       |    18 |     5 ||    24
       Blink             |       |       |       |     1 ||     1
  Use: Scroll            |       |    11 |    10 |     4 ||    25
 Stab: Sleeping          |       |     6 |     5 |     2 ||    13
  Eat: Chunk             |     2 |     7 |     9 |     3 ||    21
       Ration            |       |       |     1 |       ||     1
Armor: Leather armour    |    23 |    23 |    46 |    11 ||   103
Dodge: Dodged            |    98 |   143 |   471 |   130 ||   842
Block: Buckler           |       |       |       |    26 ||    26
       Rpst.: Falchion   |    21 |       |       |       ||    21

Table legend:
 A = Non-vault XP
 B = Vault XP
 C = Vault XP percentage of total XP
 D = Non-vault monster count
 E = Vault monster count
 F = Vault count percentage of total count
                 A         B        C        D         E       F
            +---------+---------+-------+---------+---------+-------
      Total |    5387 |    1394 |  20.6 |     218 |      15 |   6.4
            +---------+---------+-------+---------+---------+-------
        D:1 |      21 |       0 |   0.0 |      12 |       0 |   0.0
        D:2 |     107 |       5 |   4.5 |      37 |       1 |   2.6
        D:3 |     166 |       0 |   0.0 |      31 |       0 |   0.0
        D:4 |     221 |       0 |   0.0 |      14 |       0 |   0.0
        D:5 |     740 |       0 |   0.0 |      23 |       0 |   0.0
        D:6 |    1211 |     115 |   8.7 |      31 |       1 |   3.1
        D:7 |    1386 |     100 |   6.7 |      28 |       2 |   6.7
        D:8 |     832 |     262 |  23.9 |      24 |       2 |   7.7
        D:9 |     703 |     912 |  56.5 |      18 |       9 |  33.3
            +---------+---------+-------+---------+---------+-------
